Map: Habitation Station LE (Void)

Players

Musumeci

  • Race: Zerg Zerg
  • League: Diamond
  • Spawn Location: 1:00

Dennispmd - Winner!

  • Race: Zerg Zerg
  • League: Diamond
  • Spawn Location: 11:00

VOD

Have the link to the VOD?

Description

Time

  • Played on: Jan. 17, 2017, 7:15 a.m.
  • Length: 15:06
Show
View Real Time Build Order
Export as new Build Order

Musumeci Zerg 

Build Orders: Hatch First 

Get SALT Encoding   

  12  0:05  Drone  
  13  0:10  Drone  
  14  0:19  Drone, Extractor  
  15  0:27  Overlord  
  15  0:46  Drone x2  
  15  0:49  Drone  
  18  1:00  Hatchery  
  17  1:08  Evolution Chamber  
  16  1:20  Spawning Pool  
  16  1:22  Extractor  
  16  1:24  Drone  
  16  1:28  Evolution Chamber  
  16  1:30  Drone  
  16  1:35  Drone  
  18  2:01  Drone  
  18  2:02  Drone  
  18  2:07  Queen  
  22  2:12  Queen  
  22  2:13  Overlord  
  22  2:15  Zergling x4  
  26  2:22  Metabolic Boost  
  26  2:31  Zergling x4  
  28  2:42  Baneling Nest  
  27  2:53  Drone x3  
  27  2:54  Drone  
  30  3:10  Zergling x4  
  30  3:11  Zergling x4  
  33  3:25  Overlord  
  33  3:29  Baneling x4  
  33  3:30  Zergling x2  
  33  3:31  Zergling x2  
  32  4:03  Zergling x20  
  32  4:09  Evolution Chamber  
  40  4:30  Zergling x8  
  43  4:33  Lair  
  43  4:35  Extractor  
  43  4:36  Zerg Melee Weapons Level 1  
  39  4:58  Zergling x16  
  42  5:16  Hatchery  
  42  5:17  Drone x2  
  42  5:18  Overlord  
  42  5:20  Overlord  
  41  5:39  Baneling  
  41  5:47  Drone x11  
  51  5:52  Extractor  
  51  5:54  Extractor  
  45  6:11  Zergling x2  
  45  6:12  Zergling x6  
  48  6:24  Spore Crawler x2  
  46  6:26  Spore Crawler  
  46  6:27  Spore Crawler  
  44  6:39  Zergling x12  
  41  6:51  Spore Crawler x2  
  41  6:52  Baneling x2  
  39  7:02  Baneling x2  
  39  7:03  Zergling x2  
  39  7:04  Zergling x4  
  42  7:14  Spire  
  41  7:17  Zergling x4  
  40  7:33  Drone x6  
  46  7:38  Drone  
  47  8:01  Drone x3  
  47  8:04  Overlord x2  
  43  8:30  Mutalisk x5  
  43  8:31  Mutalisk  
  54  8:39  Zergling x8  
  47  8:58  Mutalisk x3  
  51  9:13  Overlord x2  
  51  9:14  Overlord  
  49  9:26  Drone x2  
  51  9:33  Baneling x2  
  51  9:46  Drone  
  51  9:47  Drone x11  
  61  10:00  Mutalisk x2  
  61  10:30  Zergling x8  
  61  10:31  Zergling x8  
  69  10:46  Zergling x8  
  73  10:59  Hatchery  
  73  11:01  Zergling x6  
  58  11:40  Drone  
  58  11:41  Drone x4  
  63  11:48  Baneling x3, Zergling x4  
  63  11:49  Zergling x4  
  67  11:58  Zergling x8  
  67  12:11  Zergling x6  
  68  12:27  Zergling x2  
  68  12:28  Zergling x14  
  72  12:48  Zergling x2  
  72  12:49  Zergling x4  
  69  13:04  Mutalisk x3  
  75  13:07  Overlord x3  
  75  13:16  Mutalisk x3  
  75  13:27  Mutalisk x2  
  75  13:28  Mutalisk x4  
  75  13:29  Spore Crawler  
  80  13:38  Mutalisk x2  
Show
View Real Time Build Order
Export as new Build Order

Dennispmd Zerg - Winner!

Build Orders: Hatch First, Zergling Baneling 

Get SALT Encoding   

  12  0:01  Drone  
  13  0:12  Overlord  
  13  0:17  Drone  
  14  0:30  Drone  
  14  0:31  Drone  
  14  0:35  Drone  
  17  0:54  Hatchery  
  17  0:56  Drone  
  17  1:00  Drone  
  18  1:06  Drone, Extractor  
  18  1:18  Spawning Pool  
  18  1:23  Extractor  
  17  1:31  Extractor  
  16  1:33  Drone x2  
  18  1:43  Overlord  
  18  1:56  Drone  
  19  2:04  Drone  
  19  2:06  Queen  
  19  2:07  Queen  
  24  2:10  Zergling x2  
  24  2:11  Zergling x2  
  27  2:22  Drone  
  27  2:23  Drone  
  27  2:26  Metabolic Boost  
  27  2:28  Drone  
  29  2:38  Drone  
  29  2:39  Drone  
  31  2:46  Spine Crawler  
  31  2:50  Baneling Nest  
  29  2:53  Zergling x2  
  29  2:56  Zergling x2  
  31  2:59  Zergling x2  
  31  3:09  Zergling x4  
  32  3:15  Zergling x2  
  32  3:16  Zergling x2  
  32  3:17  Zergling x2  
  32  3:18  Zergling x2  
  36  3:27  Overlord  
  36  3:35  Baneling  
  36  3:37  Baneling  
  36  3:38  Baneling  
  36  3:44  Lair  
  36  3:49  Drone  
  36  3:50  Drone x3  
  36  3:53  Baneling  
  39  4:08  Baneling x2  
  39  4:09  Drone  
  40  4:10  Drone x3  
  40  4:12  Overlord  
  43  4:17  Baneling x2  
  43  4:30  Zergling x4  
  43  4:31  Zergling x4  
  46  4:32  Drone  
  47  4:43  Zergling x2  
  48  4:52  Baneling x2  
  46  4:59  Spire  
  40  5:01  Zergling x6  
  40  5:02  Zergling x2  
  44  5:08  Drone  
  44  5:09  Drone x3  
  44  5:12  Extractor  
  47  5:14  Overlord  
  47  5:18  Extractor  
  46  5:26  Zergling x4  
  47  5:30  Zergling x6  
  50  5:39  Drone  
  51  5:46  Baneling  
  51  5:48  Baneling  
  51  5:52  Drone x5  
  56  5:57  Overlord  
  56  6:03  Baneling x2  
  53  6:11  Baneling x2  
  52  6:13  Mutalisk  
  52  6:14  Mutalisk x3  
  52  6:16  Overlord  
  60  6:19  Baneling  
  60  6:26  Mutalisk x2  
  60  6:29  Drone x2  
  66  6:36  Zerg Flyer Weapons Level 1  
  62  6:49  Mutalisk  
  62  6:50  Mutalisk  
  62  6:51  Overlord x2  
  62  6:52  Drone  
  62  6:53  Drone x3  
  70  7:05  Hatchery  
  69  7:15  Mutalisk x3  
  69  7:17  Zergling x12  
  69  7:18  Zergling x2  
  69  7:19  Baneling  
  69  7:21  Baneling  
  81  7:32  Corruptor  
  83  7:46  Hatchery  
  83  7:48  Mutalisk x2  
  83  7:49  Zergling x4  
  83  7:50  Zergling x2, Overlord x2  
  88  8:09  Mutalisk x2  
  85  8:34  Mutalisk x3  
  85  8:36  Zergling x2  
  85  8:37  Zergling x4  
  69  9:03  Mutalisk x2  
  69  9:04  Mutalisk  
  71  9:23  Mutalisk x2  
  73  9:27  Queen  
  75  9:34  Zerg Flyer Weapons Level 2  
  75  9:42  Drone x2  
  75  9:43  Drone x3  
  75  9:45  Drone  
  80  9:56  Hatchery  
  73  10:01  Mutalisk x2  
  73  10:06  Drone x3  
  73  10:07  Drone  
  81  10:22  Mutalisk x3  
  87  10:41  Mutalisk x2  
  91  10:51  Zergling x8  
  91  10:52  Zergling x4  
  97  11:01  Zergling x4  
  99  11:24  Mutalisk x2  
  105  11:26  Overlord x3  
  102  11:45  Mutalisk  
  102  11:46  Mutalisk x4  
  112  11:52  Mutalisk  
  114  11:54  Zergling x2  
  115  12:12  Mutalisk x2  
  119  12:20  Mutalisk  
  119  12:35  Overlord x3  
  117  12:52  Overlord x2  
  117  12:57  Mutalisk  
  117  12:58  Mutalisk x3  
  113  13:08  Mutalisk  
  111  13:19  Mutalisk  
  103  13:49  Mutalisk x3  
  60  14:33  Drone x3  
  60  14:34  Drone  
  60  14:35  Zergling x6  
  67  14:50  Baneling x4  
Tags
 
Add a new tag
Caveats
  • Supply blocks, unpowered buildings, or Contaminate may cause inaccurate times.
  • Supply counts are checked every 10 seconds.